 Dungeon Crawl Stone Soup version 0.31-a0-750-gfe7b580527 (webtiles) character file.

Game seed: 9733145590218497789

54 randomguy2701 the Trooper (level 3, -4/33 HPs)
             Began as a Hill Orc Fighter on Sept 14, 2023.
             Slain by Edmund
             ... wielding a +2 flail of holy wrath
              (5 damage)
             ... on level 4 of the Dungeon.
             The game lasted 00:01:28 (1838 turns).

randomguy2701 the Trooper (Hill Orc Fighter)        Turns: 1838, Time: 00:01:29

Health: -4/33      AC:  8    Str: 20    XL:     3   Next: 91%
Magic:  3/3        EV:  9    Int:  8    God:
Gold:   101        SH:  4    Dex: 10    Spells: 2/2 levels left

rFire   . . .        a - +0 war axe
rCold   . . .        c - +0 buckler
rNeg    . . .        b - +0 scale mail
rPois   .            l - +0 helmet
rElec   .            (no cloak)
rCorr   .            (no gloves)
SInv    .            (no boots)
Will    .....        (no amulet) Stlth
                     (no ring)
HPRegen 0.25/turn    (no ring)
MPRegen 0.08/turn

%: no passive effects
@: no status effects
A: no striking features
a: no special abilities


You were on level 4 of the Dungeon.
You visited 1 branch of the dungeon, and saw 4 of its levels.

You collected 101 gold pieces.

Inventory:

Hand Weapons
 a - a +0 war axe (weapon)
Armour
 b - a +0 scale mail (worn)
 c - a +0 buckler (worn)
 l - a +0 helmet (worn)
Scrolls
 e - 3 scrolls of identify {unknown}
 f - a scroll of amnesia {unknown}
 h - 2 scrolls of teleportation {unknown}
 j - a scroll of noise {unknown}
Potions
 d - a potion of might
 g - a potion of ambrosia {unknown}
 i - a potion of cancellation {unknown}
 k - a potion of mutation {unknown}
 m - 2 potions of curing {unknown}
 n - 2 potions of brilliance {unknown}
 o - 2 potions of lignification
 p - a potion of haste
 q - 2 potions of heal wounds {unknown}
 r - a potion of attraction {unknown}


   Skills:
 + Level 4.1 Fighting
 + Level 3.4 Axes
 + Level 3.9 Armour
 + Level 0.3 Dodging
 + Level 3.8 Shields


You had 2 spell levels left.
You didn't know any spells.
Your spell library contained the following spells:

 Spells                   Type           Power      Damage    Failure   Level
 Ozocubu's Armour         Ice            0%         N/A       99%         3
 Ozocubu's Refrigeration  Ice            0%         4d7       100%        7
 Chain Lightning          Conj/Air       0%         N/A       100%        9
 Fire Storm               Conj/Fire      0%         5d1       100%        9
 Shatter                  Erth           0%         3d5*      100%        9


Dungeon Overview and Level Annotations

Branches:
Dungeon (4/15)             Temple (0/1) D:4

Altars:
Hepliaklqana

Annotations:
D:3 2 transporters, Loveship's ghost, amateur GnSh
D:4 Edmund


Message History

You are too injured to fight recklessly!
You are too injured to fight recklessly!
You are too injured to fight recklessly!
You are too injured to fight recklessly!
You are too injured to fight recklessly!
You are too injured to fight recklessly!
Unknown command.
You barely miss Edmund.
Edmund is severely wounded.
You closely miss the kobold.
Edmund hits you with a +2 flail of holy wrath.
The kobold barely misses you.
Unknown command.
You slash Edmund!
Edmund is almost dead.
You closely miss the kobold.
Edmund says, "A flail is better than a scythe, any day of the week!"
Edmund hits you with a +2 flail of holy wrath!
* * * LOW HITPOINT WARNING * * *
The kobold hits you with a +0 club.
* * * LOW HITPOINT WARNING * * *
Edmund misses you. The kobold hits you but does no damage.
You hit Edmund but do no damage.
Edmund is almost dead.
You closely miss the kobold. Edmund hits you but does no damage.
The kobold hits you but does no damage.
You completely miss Edmund.
Edmund is almost dead.
You closely miss the kobold. The kobold hits you with a +0 club.
* * * LOW HITPOINT WARNING * * *
Edmund closely misses you. You block the kobold's attack.
Edmund hits you with a +2 flail of holy wrath.
* * * LOW HITPOINT WARNING * * *
You hit Edmund.
Edmund is almost dead.
You closely miss the kobold. The kobold hits you with a +0 club.
* * * LOW HITPOINT WARNING * * *
Edmund hits you with a +2 flail of holy wrath.
You die...
Edmund says, "I'd like to see a scythe do that!"

#.#...... #.#. ...#
........ ..# #..
..# #.# .....###.#
#.#.#.. ..#####
#...K@# #.#..>
#######@# #...#
........###...#
########......#####
#..#.......##
#..#...##...#####
#..##...........#
#..##..##...###.#
#.. ...##..###.###
#.# ######..# #...#


You could see Edmund and a kobold.

Vanquished Creatures
  2 adders
  A worm (D:4)
  4 ball pythons
  4 bats
  3 endoplasms
  2 giant cockroaches
  A goblin (D:3)
  5 hobgoblins
  2 jackals (D:3)
  2 quokkas (D:3)
  A frilled lizard (D:3)
  3 rats
30 creatures vanquished.

Notes
Turn   | Place    | Note
-------+----------+-------------------------------------------
     0 | D:1      | randomguy2701 the Hill Orc Fighter began the quest for the
                  | Orb.
     0 | D:1      | Reached XP level 1. HP: 19/19 MP: 1/1
    15 | D:1      | You fall into a shaft and drop 1 floor!
   267 | D:2      | Reached XP level 2. HP: 8/27 MP: 2/2
  1036 | D:3      | Reached skill level 4 in Fighting
  1036 | D:3      | Reached XP level 3. HP: 33/33 MP: 3/3
  1080 | D:3      | Found a transporter.
  1140 | D:3      | Found a hazy altar of Hepliaklqana.
  1416 | D:3      | Found a transporter.
  1426 | D:3      | Noticed Loveship's ghost (amateur GnSh)
  1705 | D:4      | Found a staircase to the Ecumenical Temple.
  1825 | D:4      | Noticed Edmund
  1838 | D:4      | HP: 1/33 [kobold/+0 club (2)]
  1838 | D:4      | Slain by Edmund

Illustrated notes

Levels and vault maps discovered:
D:1:      nicolae_arrival_washed_ashore, layout_loops_ring,
          chequers_ecumenical_altar_twisty, serial_shops,
          nicolae_shop_tiny_real_fake_doors, nicolae_shop_waterfront, shop,
          shop, kennysheep_nondescript
D:2:      layout_basic
D:3:      layout_basic, mainiacjoe_overflow_tiny_flanked,
          gammafunk_ghost_stat_death, minmay_misc_feat_room
D:4:      layout_loops_ring, nicolae_dithmenos_shadow_blocks, temple_statues,
          uniq_edmund

Skill      XL: |  1  2 |
---------------+-------+-----
Axes           | 3 |  3.4
Fighting       | 4 |  4.1
Armour         | |  3.9
Dodging        | |  0.3
Shields        | |  3.8

Action                     || total
---------------------------++-------
  Melee: War axe           ||    91
    Use: Potion            ||     2
 Armour: Scale mail        ||    86
  Dodge: Dodged            ||    56
  Block: Buckler           ||    17

Table legend: (Time is in decaauts)
 A = Elapsed time spent in this place.
 B = Non-inter-level travel time spent in this place.
 C = Inter-level travel time spent in this place.
 D = Time resting spent in this place.
 E = Time spent auto-exploring this place.
 F = Levels seen in this place.
 G = Mean time per level.
                   A        B        C        D        E       F      G
               +--------+--------+--------+--------+--------+-----+--------+
         Total |   1851 |   1698 |    153 |    111 |   1343 |   4 |  462.8 |
       Dungeon |   1851 |   1698 |    153 |    111 |   1343 |   4 |  462.8 |
               +--------+--------+--------+--------+--------+-----+--------+

Top non-repeatable levels by time:
     D:2: 1002 daAuts
     D:3: 675 daAuts
     D:4: 159 daAuts
     D:1: 15 daAuts
